 Dungeon Crawl Stone Soup version 0.31-a0-851-g7ff8af7976 (webtiles) character file.

Game seed: 8323908367926737748

641 Shayle the Trooper (level 7, 0/54 HPs)
             Began as a Demonspawn Reaver on Oct 6, 2023.
             Slain by a gnoll
             ... wielding a +0 flail
              (2 damage)
             ... on level 5 of the Dungeon.
             The game lasted 00:11:20 (5036 turns).

Shayle the Trooper (Demonspawn Reaver)              Turns: 5036, Time: 00:11:21

Health: 0/54       AC:  7    Str: 12    XL:     7   Next: 26%
Magic:  13/13      EV: 15    Int: 17    God:
Gold:   325        SH:  5    Dex: 11    Spells: 13/14 levels left

rFire   . . .        a - +0 spear
rCold   . . .        (no shield)
rNeg    . . .        h - +0 ring mail
rPois   .            (helmet restricted)
rElec   .            t - +1 cloak
rCorr   .            (no gloves)
SInv    +            (no boots)
Will    .....        n - amulet of reflection
Stlth   +            g - +5 ring of evasion
HPRegen 0.29/turn    i - ring of see invisible
MPRegen 0.13/turn

%: reflection
@: no status effects
A: antennae 2, claws 1, demonic guardian 1, weakness stinger 1
a: no special abilities


You were on level 5 of the Dungeon.
You visited 1 branch of the dungeon, and saw 5 of its levels.

You collected 325 gold pieces.

Inventory:

Hand Weapons
 a - a +0 spear (weapon)
 r - a +0 hand axe of flaming
 v - a +2 dagger of speed
Armour
 b - a +0 leather armour
 c - a +0 kite shield
 h - a +0 ring mail (worn)
 t - a +1 cloak (worn)
Jewellery
 e - an amulet of magic regeneration
 g - a +5 ring of evasion (left claw)
 i - a ring of see invisible (right claw)
 l - a ring of positive energy
 n - an amulet of reflection (around neck)
Scrolls
 d - 4 scrolls of identify
 f - a scroll of acquirement {unknown}
 j - a scroll of revelation {unknown}
 o - 2 scrolls of enchant armour
 q - a scroll of immolation
 s - a scroll of silence {unknown}
 x - a scroll of vulnerability {unknown}
Potions
 k - 2 potions of brilliance {unknown}
 m - 2 potions of cancellation {unknown}
 p - a potion of lignification {unknown}
 w - a potion of ambrosia {unknown}


   Skills:
 + Level 4.3 Fighting
 - Level 2.6 Polearms
 + Level 3.3 Armour
 - Level 1.7 Dodging
 + Level 4.0 Spellcasting
 - Level 3.0 Conjurations
 + Level 4.1 Necromancy


You had 13 spell levels left.
You knew the following spells:

 Your Spells              Type           Power      Damage    Failure   Level
a - Kiss of Death         Conj/Necr      60%        2d10      8%          1

Your spell library contained the following spells:

 Spells                   Type           Power      Damage    Failure   Level
 Magic Dart               Conj           52%        1d5       10%         1
 Searing Ray              Conj           26%        2d5       14%         2
 Momentum Strike          Conj/Tloc      16%        3d8       26%         2
 Hailstorm                Conj/Ice       8%         3d4       47%         3
 Fulminant Prism          Conj/Hex       4%         3d5       87%         4
 Cause Fear               Hex            1%         N/A       97%         4
 Vhi's Electric Charge    Tloc/Air       6%         N/A       97%         4
 Arcjolt                  Conj/Air       4%         1d14      99%         5
 Fireball                 Conj/Fire      4%         3d4       99%         5
 Maxwell's Capacitive Co  Air            1%         ∞         100%        8
 Dragon's Call            Summ           1%         N/A       100%        9


Dungeon Overview and Level Annotations

Branches:
Dungeon (5/15)
 Temple: D:4-7

Altars:

Annotations:
D:3 1 runed translucent door, Crazy Yiuf


Innate Abilities, Weirdness & Mutations

You have a pair of antennae on your head.
You have sharp fingernails.
A weak demonic guardian rushes to your aid.
You have a small tail.


Message History

You swap places.
The gnoll hits your iron imp with a +0 flail.
Your iron imp misses the gnoll.
You swap places.
The gnoll hits your iron imp with a +0 flail.
Your iron imp hits the gnoll.
The gnoll hits your iron imp with a +0 flail!
Your iron imp dies!
Your iron imp disappears in a puff of smoke!
The gnoll barely misses your iron imp.
The gnoll hits your iron imp with a +0 flail!
Your iron imp barely misses the gnoll.
The gnoll hits your iron imp with a +0 flail!
Your iron imp dies!
Your iron imp disappears in a puff of smoke!
Okay, then.
You aren't carrying any items that you can evoke.
Unknown command.
You barely miss the gnoll.
The gnoll is moderately wounded.
The gnoll closely misses you.
You barely miss the gnoll.
The gnoll is moderately wounded.
The gnoll hits you with a +0 flail.
* * * LOW HITPOINT WARNING * * *
A demonic guardian appears!
You hit the gnoll but do no damage.
The gnoll is moderately wounded.
The gnoll hits you with a +0 flail!
* * * LOW HITPOINT WARNING * * *
Your quasit bites the gnoll but does no damage.
Your quasit claws the gnoll but does no damage.
Your quasit barely misses the gnoll.
Reach: a) +0 spear
Press: ? - help, Dir - move target, f - gnoll
Aim: a gnoll, wielding a +0 flail and wearing a +0 leather armour (moderately wounded, ally target, about 35% to evade your +0 spear)
You hit the gnoll but do no damage.
The gnoll is moderately wounded.
The gnoll hits you with a +0 flail.
You die...

#...##.#########.#
##............##.#######
###.......)............
####.................
#.................
#.......##.#######
#####..###5# ##..##g#
####### ##.##@# ......#
##.##.# #####.# #.....#
....#.# ####.##..# #
.##.#.###....###.####...
..#.....................
..#.##########....###...
..#.#........#....###
..#.'⌠......⌠'....'.#


You could see a gnoll (ally target) and a friendly quasit (summoned).

Vanquished Creatures
  A water moccasin (D:5)
  An ogre (D:4)
  2 kobold brigands (D:4)
  2 hounds
  2 orc priests (D:5)
  2 iguanas
  2 gnolls (D:5)
  4 adders (D:3)
  An ufetubus (D:5)
  2 worms
  3 dart slugs
  8 orcs
  5 endoplasms
  2 giant cockroaches
  4 goblins (D:3)
  7 hobgoblins
  3 jackals (D:2)
  9 kobolds
  2 quokkas
  4 ball pythons
  2 bats (D:1)
  3 frilled lizards
  6 rats
77 creatures vanquished.

Vanquished Creatures (collateral kills)
  An iguana (D:5)
  2 orcs (D:5)
  A hobgoblin (D:4)
  3 kobolds (D:4)
7 creatures vanquished.

Grand Total: 84 creatures vanquished

Notes
Turn   | Place    | Note
-------+----------+-------------------------------------------
     0 | D:1      | Shayle the Demonspawn Reaver began the quest for the Orb.
     0 | D:1      | Reached XP level 1. HP: 16/16 MP: 3/3
   103 | D:1      | Found a faded altar of an unknown god.
   731 | D:2      | Discovered your monstrous ancestry.
   731 | D:2      | Gained mutation: You have a pair of small antennae on your
                  | head. [demonic ancestry]
   731 | D:2      | Reached XP level 2. HP: 22/22 MP: 5/5
  1096 | D:2      | Reached skill level 1 in Necromancy
  1197 | D:2      | Reached skill level 1 in Armour
  1464 | D:3      | Reached XP level 3. HP: 13/28 MP: 6/6
  1665 | D:3      | Found a runed translucent door.
  1666 | D:3      | Noticed Crazy Yiuf
  2336 | D:3      | Gained mutation: You have sharp fingernails. [demonic
                  | ancestry]
  2336 | D:3      | Reached XP level 4. HP: 24/34 MP: 7/7
  2879 | D:4      | Noticed an ogre
  2910 | D:4      | Killed an ogre
  2911 | D:4      | Gained mutation: A weak demonic guardian rushes to your
                  | aid. [demonic ancestry]
  2911 | D:4      | Reached XP level 5. HP: 8/41 MP: 6/9
  3571 | D:4      | Gained mutation: You have a pair of antennae on your head.
                  | [demonic ancestry]
  3571 | D:4      | Reached XP level 6. HP: 43/47 MP: 9/11
  4014 | D:5      | Entered Level 5 of the Dungeon
  4289 | D:5      | Noticed a water moccasin
  4782 | D:5      | Killed a water moccasin
  4783 | D:5      | Gained mutation: You have a small tail. [demonic ancestry]
  4783 | D:5      | Reached XP level 7. HP: 35/53 MP: 10/12
  5035 | D:5      | HP: 1/54 [gnoll/+0 flail (8)]
  5036 | D:5      | Slain by a gnoll

Illustrated notes

Levels and vault maps discovered:
D:1:      psy_arrival_radial01, layout_basic,
          hellmonk_ecumenical_altar_arch_garden, serial_bayou_pond_c
D:2:      layout_loops_cross
D:3:      layout_basic, grunt_ministairs_12, uniq_crazy_yiuf_cottage
D:4:      cheibrodos_thug_alley, layout_basic
D:5:      layout_basic, jmf_multi_god_temple

Skill      XL: |  1  2  3  4  5  6  7 |
---------------+----------------------+-----
Necromancy     | 1 2 3 4 |  4.1
Armour         | 1 2 3 |  3.3
Fighting       | 3 4 |  4.3
Spellcasting   | 3 4 |  4.0
Polearms       | |  2.6
Dodging        | |  1.7
Conjurations   | |  3.0

Action                     |  1- 3 |  4- 6 |  7- 9 || total
---------------------------+-------+-------+-------++-------
  Melee: Spear             |   165 |   315 |    44 ||   524
         Punch             |     2 |     1 |     1 ||     4
         Tailslap          |       |       |    10 ||    10
   Cast: Kiss of Death     |       |     3 |       ||     3
    Use: Potion            |       |     4 |       ||     4
         Scroll            |       |     5 |       ||     5
   Stab: Distracted        |       |     1 |       ||     1
 Armour: Ring mail         |    46 |   126 |    27 ||   199
         Leather armour    |     3 |       |       ||     3
  Dodge: Dodged            |    66 |   207 |    26 ||   299
  Block: Other             |    10 |    70 |     9 ||    89
         Reflection        |       |     2 |     1 ||     3

Table legend: (Time is in decaauts)
 A = Elapsed time spent in this place.
 B = Non-inter-level travel time spent in this place.
 C = Inter-level travel time spent in this place.
 D = Time resting spent in this place.
 E = Time spent auto-exploring this place.
 F = Levels seen in this place.
 G = Mean time per level.
                   A        B        C        D        E       F      G
               +--------+--------+--------+--------+--------+-----+--------+
         Total |   5029 |   4736 |    293 |    479 |   3144 |   5 | 1005.8 |
       Dungeon |   5029 |   4736 |    293 |    479 |   3144 |   5 | 1005.8 |
               +--------+--------+--------+--------+--------+-----+--------+

Top non-repeatable levels by time:
     D:3: 1475 daAuts
     D:4: 1344 daAuts
     D:5: 843 daAuts
     D:2: 710 daAuts
     D:1: 656 daAuts
